 Dungeon Crawl Stone Soup version 0.20-a0-739-g6bb112f (webtiles) character file.

10851 Gruud the Cleaver (level 11, -2/72 HPs)
             Began as a Demonspawn Assassin on Feb 24, 2017.
             Was an Elder of Uskayaw.
             Slain by a death knight
             ... wielding a +3 battleaxe of venom
              (21 damage)
             ... on level 11 of the Dungeon.
             The game lasted 00:57:32 (11849 turns).

Gruud the Cleaver (Demonspawn Assassin)            Turns: 11849, Time: 00:57:32

Health: -2/72      AC: 13    Str: 15    XL:     11   Next: 41%
Magic:  19/19      EV:  9    Int: 14    God:    Uskayaw [****..]
Gold:   223        SH:  0    Dex: 16    Spells: 10/10 levels left

rFire    . . .     SeeInvis +   a - +1 hand axe (venom)
rCold    + . .     Gourm    .   G - +0 chain mail
rNeg     . . .     Faith    .   (no shield)
rPois    .         Spirit   .   (helmet unavailable)
rElec    .         Reflect  .   d - +0 cloak
rCorr    .         Harm     .   (no gloves)
MR       .....                  n - +1 pair of boots
Stlth    ..........             (no amulet)
Regen    0.3/turn               T - ring of protection from cold
MPRegen  0.2/turn               E - +3 ring of strength

@: lethally poisoned (-2 -> -3)
A: antennae 3, powered by pain 1, spiny 2, sturdy frame 1
a: Stomp, Line Pass, Renounce Religion


You were on level 11 of the Dungeon.
You worshipped Uskayaw.
Uskayaw was aware of your devotion.
You were very hungry.

You visited 2 branches of the dungeon, and saw 12 of its levels.
You also visited: Sewer and Ossuary.

You collected 553 gold pieces.
You spent 330 gold pieces at shops.

Inventory:

Hand Weapons
 a - a +1 hand axe of venom (weapon)
 b - a +0 blowgun
 i - a +2 short sword of speed
 m - a +0 battleaxe of freezing
 C - a +0 war axe
Missiles
 e - 56 poisoned needles
 f - 2 curare-tipped needles
 H - 22 tomahawks
 O - an exploding tomahawk
 Q - 8 javelins (quivered)
 R - 8 needles of paralysis
 S - 3 throwing nets
Armour
 d - a +0 cloak (worn)
 n - a +1 pair of boots (worn)
 v - a +0 plate armour
 G - a +0 chain mail (worn)
Jewellery
 y - an uncursed ring of wizardry
 E - a +3 ring of strength (left hand)
 M - an uncursed ring of flight
 P - an uncursed ring of protection from cold
 T - a ring of protection from cold (right hand)
Wands
 r - a wand of digging (1/24)
 z - a wand of confusion (31/48)
 F - a wand of acid (0/15)
 I - a wand of confusion (31/48)
 N - a wand of paralysis (12/24)
 U - a wand of flame (6/48)
 X - a wand of lightning (2/15)
Scrolls
 j - a scroll of recharging
 k - 2 scrolls of immolation
 o - 3 scrolls of enchant weapon
 u - 4 scrolls of amnesia
 K - 5 scrolls of teleportation
 L - 3 scrolls of remove curse
 V - a scroll of identify
Potions
 c - 4 potions of might
 l - 5 potions of agility
 p - 2 potions of haste {unknown}
 q - 13 potions of curing
 s - a potion of ambrosia {unknown}
 x - a potion of degeneration {unknown}
 A - 7 potions of heal wounds
 B - 6 potions of brilliance
 D - 5 potions of lignification
 J - 2 potions of invisibility
 W - 2 potions of resistance
 Y - 4 potions of berserk rage {unknown}
Miscellaneous
 h - a lamp of fire
Comestibles
 g - 14 bread rations
 t - 3 royal jellies
 w - 7 meat rations


   Skills:
 - Level 2.0 Fighting
 - Level 1.7 Short Blades
 * Level 12.0 Axes
 - Level 5.0 Throwing
 + Level 5.2 Armour
 + Level 4.0 Dodging
 - Level 3.6 Stealth
 - Level 10.7 Invocations


You had 10 spell levels left.
You didn't know any spells.

Dungeon Overview and Level Annotations

Branches:
Dungeon (11/15)            Temple (1/1) D:4            Lair (0/6) D:8
    Orc: D:9-12

Altars:
Ashenzari
Cheibriados
Dithmenos
Elyvilon
Fedhas
Gozag
Hepliaklqana
Kikubaaqudgha
Makhleb
Nemelex Xobeh
Okawaru
Qazlal
Ru
Sif Muna
Trog
Uskayaw
Vehumet
Wu Jian
Xom
Yredelemnul
Zin
The Shining One

Shops:
D:4 ?   D:8 !

Annotations:
D:7 Graouh's ghost, novice MiFi
D:9 4 runed doors, Animal Vault, metallic black pot


Innate Abilities, Weirdness & Mutations

You have a pair of large antennae on your head. (SInv)
You sometimes gain a little power by taking damage.
You are mostly covered in sharp spines.
Your movements are slightly less encumbered by armour. (ER -2)


Message History

The death knight looks as sick as possible!
The death knight is heavily wounded.
The death knight reflects your damage back at you!
The big kobold is no longer paralysed.
The death knight is no longer paralysed.
The death knight reflects your damage back at you!
You feel sick.
The death knight reflects your damage back at you!
Things that are here:
a dagger; a robe; a howler monkey corpse The death knight reflects your damage back at you!
* * * LOW HITPOINT WARNING * * *
There is a stone staircase leading up, spattered with blood here.
You see here a large rock.
Unknown command.
Okay, then.
You feel sick.
The death knight reflects your damage back at you!
The death knight hits you with a battleaxe of venom!!
You die...

#.....##........#.{.....##.(....
####.###.......###.5K.).##.#....
#.#.........# #......##.#....
#.#.###.#######.{....##.#.... #
#.#..............####.#.... #
#.##...#######†######.#####
####.#.......{....§>)....(.# #
.....######.######)######### #
............# #@pz)# #
........########################
........##.....................#
........##.####.....##########..
........##.#..............# #..
........##.#.##.....#####.# #..
........##.#.#..........#.####..
.####...##.#.#......###.#.......
#...##.#.#..........#######.


You could see a death knight and a wight.

Vanquished Creatures
  2 two-headed ogres (D:8)
  An unseen horror (D:11)
  A cyclops (D:11)
  2 gargoyles
  2 kobold demonologists (D:11)
  2 hippogriffs
  A slime creature (D:6)
  Sigmund (D:2)
  A vampire (D:10)
  A hungry ghost (D:11)
  4 yaks (D:11)
  3 wargs (D:8)
  A water moccasin (D:5)
  3 ice beasts
  2 orc warriors
  2 phantoms
  A sky beast (D:10)
  2 black bears
  3 ogres
  3 centaurs
  A necrophage (D:7)
  9 bullfrogs
  3 big kobolds
  A wyvern zombie (D:11)
  3 scorpions
  9 killer bees
  A howler monkey (D:11)
  9 wights (D:8)
  5 crimson imps
  A quasit (D:9)
  2 centaur zombies
  8 jellies
  4 orc priests
  2 bullfrog skeletons (D:5)
  A centaur skeleton (D:9)
  4 hounds
  2 iguanas
  An iron imp (D:9)
  6 orc wizards
  Natasha (D:2)
  4 worker ants
  A killer bee zombie (D:10)
  6 big kobold zombies (Ossuary)
  4 hound skeletons
  2 mummies
  A worker ant zombie (D:11)
  14 adders
  8 river rats (Sewer)
  2 shadow imps
  17 oozes
  An adder skeleton (D:8)
  An adder zombie (D:9)
  6 leopard geckos
  37 orcs
  5 ball pythons
  7 giant cockroaches
  6 gnoll zombies (Ossuary)
  8 goblins
  8 hobgoblins
  11 jackals
  30 kobolds
  6 quokkas
  7 bats
  3 bat simulacra (Ossuary)
  4 frilled lizards
  A giant cockroach zombie (D:6)
  2 goblin simulacra (Ossuary)
  6 goblin zombies (Ossuary)
  3 hobgoblin zombies (Ossuary)
  5 kobold simulacra (Ossuary)
  6 kobold zombies (Ossuary)
  3 orc zombies (Ossuary)
  A quokka zombie (D:8)
  24 rats
  3 rat simulacra (Ossuary)
  5 spectral goblins (Ossuary)
  2 spectral kobolds (Ossuary)
  4 spectral rats (Ossuary)
375 creatures vanquished.

Vanquished Creatures (others)
  A bullfrog (D:7)
  5 fungi (D:6)
6 creatures vanquished.

Grand Total: 381 creatures vanquished

Notes
Turn   | Place    | Note
-------+----------+-------------------------------------------
     0 | D:1      | Gruud the Demonspawn Assassin began the quest for the Orb.
     0 | D:1      | Reached XP level 1. HP: 16/16 MP: 1/1
   252 | D:1      | Gained mutation: You sometimes gain a little power by taking damage. [demonic ancestry]
   252 | D:1      | Reached XP level 2. HP: 8/22 MP: 2/2
  1027 | D:2      | Found a faded altar of an unknown god.
  1086 | D:2      | Reached XP level 3. HP: 27/27 MP: 3/3
  1408 | D:2      | Noticed Sigmund
  1438 | D:2      | Killed Sigmund
  1438 | D:2      | Gained mutation: You are partially covered in sharp spines. [demonic ancestry]
  1438 | D:2      | Reached XP level 4. HP: 33/33 MP: 4/4
  1438 | D:2      | Gained mutation: Your movements are slightly less encumbered by armour. (ER -2) [demonic ancestry]
  1438 | D:2      | Reached XP level 5. HP: 38/38 MP: 5/5
  1602 | D:2      | Noticed Natasha
  1617 | D:2      | Killed Natasha
  1826 | D:2      | Reached skill level 5 in Throwing
  1971 | D:3      | Found an opulent altar of Gozag.
  2058 | D:3      | Gained mutation: You have a pair of small antennae on your head. [demonic ancestry]
  2058 | D:3      | Reached XP level 6. HP: 44/44 MP: 6/6
  2184 | D:3      | Found a glowing drain.
  2199 | Sewer    | Entered a sewer
  2423 | Sewer    | Reached skill level 1 in Axes
  2609 | Sewer    | Reached skill level 2 in Axes
  3389 | D:4      | Found Dist's Magic Scroll Emporium.
  3395 | D:4      | Found a shimmering altar of Xom.
  3405 | D:4      | Reached XP level 7. HP: 50/50 MP: 7/7
  3419 | D:4      | Found a shimmering altar of Xom.
  3419 | D:4      | Found a shimmering altar of Xom.
  3419 | D:4      | Found a shimmering altar of Xom.
  3420 | D:4      | Found a shimmering altar of Xom.
  3423 | D:4      | Found a shimmering altar of Xom.
  3423 | D:4      | Found a shimmering altar of Xom.
  3513 | D:4      | Found a staircase to the Ecumenical Temple.
  3551 | Temple   | Entered the Ecumenical Temple
  3605 | Temple   | Became a worshipper of Uskayaw the Reveler
  3691 | D:4      | Reached * piety under Uskayaw
  4026 | D:5      | Entered Level 5 of the Dungeon
  4031 | D:5      | Reached skill level 3 in Axes
  4031 | D:5      | Reached skill level 1 in Invocations
  4216 | D:5      | Reached ** piety under Uskayaw
  4254 | D:5      | Reached *** piety under Uskayaw
  4255 | D:5      | Reached skill level 4 in Axes
  4419 | D:5      | Found a radiant altar of Vehumet.
  4439 | D:5      | Found a glowing golden altar of the Shining One.
  4910 | D:6      | Reached XP level 8. HP: 56/56 MP: 9/11
  4941 | D:6      | Reached skill level 5 in Axes
  5260 | D:6      | Reached skill level 5 in Invocations
  5371 | D:6      | Reached skill level 6 in Axes
  5478 | D:6      | Found a bloodstained altar of Trog.
  5853 | D:6      | Noticed a slime creature
  5889 | D:6      | Killed a slime creature
  5889 | D:6      | Reached skill level 7 in Axes
  5891 | D:6      | Reached **** piety under Uskayaw
  5894 | D:6      | Reached ***** piety under Uskayaw
  5909 | D:6      | Reached ****** piety under Uskayaw
  5919 | D:6      | Gained mutation: You have a pair of antennae on your head. [demonic ancestry]
  5919 | D:6      | Reached XP level 9. HP: 34/61 MP: 14/14
  6273 | D:7      | Noticed Graouh's ghost (novice MiFi)
  6625 | D:7      | Noticed a moth of wrath
  6695 | D:7      | Reached skill level 8 in Axes
  6958 | D:7      | Found a basalt altar of Yredelemnul.
  6958 | D:7      | Found a burning altar of Makhleb.
  7402 | D:8      | Found Iticekh's Distillery.
  7406 | D:8      | Bought a potion of resistance for 110 gold pieces
  7406 | D:8      | Bought a potion of resistance for 110 gold pieces
  7406 | D:8      | Bought a potion of heal wounds for 55 gold pieces
  7406 | D:8      | Bought a potion of heal wounds for 55 gold pieces
  7514 | D:8      | Reached skill level 9 in Axes
  7534 | D:8      | Found a shadowy altar of Dithmenos.
  7563 | D:8      | Found a sand-covered staircase.
  7574 | Ossuary  | Entered an ossuary
  8071 | D:8      | Identified a scroll of acquirement
  8153 | D:8      | Noticed a two-headed ogre
  8191 | D:8      | Killed a two-headed ogre
  8191 | D:8      | Gained mutation: You have a pair of large antennae on your head. (SInv) [demonic ancestry]
  8191 | D:8      | Reached XP level 10. HP: 24/67 MP: 15/17
  8487 | D:8      | Reached skill level 10 in Axes
  8756 | D:8      | Found a staircase to the Lair.
  8757 | D:8      | Noticed a two-headed ogre
  8817 | D:8      | Killed a two-headed ogre
  8817 | D:8      | Reached skill level 10 in Invocations
  9067 | D:8      | Found a hazy altar of Hepliaklqana.
  9476 | D:9      | Reached skill level 1 in Dodging
  9547 | D:9      | Found a huge runed gate.
  9547 | D:9      | Found a huge runed gate.
  9547 | D:9      | Found a huge runed gate.
  9547 | D:9      | Found a huge runed gate.
  9547 | D:9      | Noticed a manticore
  9589 | D:9      | Reached skill level 11 in Axes
  9633 | D:9      | Found a snail-covered altar of Cheibriados.
  9727 | D:9      | Found an ancient bone altar of Kikubaaqudgha.
  9729 | D:9      | Found a blossoming altar of Fedhas.
  9895 | D:10     | Entered Level 10 of the Dungeon
 10283 | D:10     | Noticed a gargoyle
 10306 | D:10     | Killed a gargoyle
 10768 | D:10     | Gained mutation: You are mostly covered in sharp spines. [demonic ancestry]
 10768 | D:10     | Reached XP level 11. HP: 46/72 MP: 19/19
 11008 | D:11     | Noticed an unseen horror
 11016 | D:11     | Killed an unseen horror
 11472 | D:11     | Reached skill level 5 in Armour
 11800 | D:11     | Noticed a death knight
 11834 | D:11     | Reached skill level 12 in Axes
 11849 | D:11     | Slain by a death knight

Vault maps used:
D:1:      dpeg_arrival_oval
D:2:      chequers_ecumenical_altar_twisty, uniq_natasha, uniq_sigmund
D:3:      grunt_gozag_statues, portal_sewer_entry_b
D:4:      nicolae_xom_altar_mimics, minmay_temple_entry_statues_fountains,
          serial_shops, shop, first_bread
D:5:      gammafunk_temple_overflow_pools, kennysheep_nondescript
D:6:      lemuel_slime, basic_altar
D:7:      tgw_trog, amethyst_overflow_temple_binary, grunt_ogre_cave
D:8:      kennysheep_little_box, grunt_dithmenos_smoke,
          erik_lair_orcish_takeover, gup_ossuary_entry_pyramid, serial_shops,
          shop
D:9:      lemuel_bear_cage, grunt_temple_overflow_growth_and_decay, slow_altar_2
D:10:     kennysheep_decorative_pillar
Temple:   jpeg_temple_alley_garden
Sewer:    sewer_minmay_treatment
Ossuary:  ossuary_zaba_two_paths

Skill      XL: |  1  2  3  4  5  6  7  8  9 10 11 |
---------------+----------------------------------+-----
Throwing       | 2 3 4 5 |  5.0
Armour         | 2 3 4 5 |  5.2
Axes           | 2 4 7 9 11 12 | 12.0
Invocations    | 4 6 9 10 | 10.7
Dodging        | 2 4 |  4.0
Fighting       | |  2.0
Short Blades   | |  1.7
Stealth        | |  3.6

Action                   |  1- 3 |  4- 6 |  7- 9 | 10-12 || total
-------------------------+-------+-------+-------+-------++-------
Melee: Dagger            |    97 |     2 |       |       ||    99
       Short sword       |       |   168 |   145 |       ||   313
       Hand axe          |       |       |   131 |   295 ||   426
       War axe           |       |       |   130 |    40 ||   170
       Battleaxe         |       |       |    25 |       ||    25
 Fire: Blowgun           |    10 |     3 |    33 |    14 ||    60
Throw: Stone             |    32 |    11 |       |       ||    43
       Tomahawk          |     6 |     3 |    45 |       ||    54
       Javelin           |       |       |     8 |     8 ||    16
Evoke: Wand              |       |       |       |     7 ||     7
  Use: Potion            |     1 |       |     1 |       ||     2
       Scroll            |     5 |     3 |    12 |     2 ||    22
 Stab: Sleeping          |       |     2 |     4 |       ||     6
       Paralysed         |       |       |    14 |    29 ||    43
  Eat: Chunk             |     1 |     7 |    13 |    10 ||    31
       Royal jelly       |       |       |     1 |     2 ||     3
Armor: Scale mail        |    46 |    54 |   125 |    23 ||   248
       Chain mail        |       |       |       |   121 ||   121
Dodge: Dodged            |    40 |    55 |   153 |    96 ||   344
